 Dungeon Crawl Stone Soup version 0.17-a0-18-gc25b939 (webtiles) character file.

90370 BluebellGnoll the Imperceptible (level 15, -3/79 HPs)
             Began as a Spriggan Enchanter on Mar 7, 2015.
             Was the Champion of Dithmenos.
             Killed from afar by a thorn hunter (24 damage)
             ... with a volley of thorns
             ... in a wizard's laboratory on Mar 8, 2015.
             The game lasted 03:25:45 (32063 turns).

BluebellGnoll the Imperceptible (SpEn)             Turns: 32063, Time: 03:25:46

Health: -3/79      AC:  9    Str:  4    XL:     15   Next: 52%
Magic:  35/35      EV: 33    Int: 25    God:    Dithmenos [******]
Gold:   2280       SH:  0    Dex: 18    Spells: 7 memorised, 14 levels left

rFire  + + .     SeeInvis +     s - +0 blowgun
rCold  . . .     Clarity  .     n - +2 robe {rF+}
rNeg   + . .     SustAb   .     (shield restricted)
rPois  .         Gourm    .     v - +2 hat {Int+3}
rElec  .         Spirit   .     D - +2 cloak
rCorr  .         Warding  +     (gloves unavailable)
rMut   .         Stasis   .     (boots unavailable)
MR     ++...                    c - amulet of warding
Stlth  ++++++++++               L - ring of protection from fire
                                O - ring of stealth

@: very slightly contaminated, wreathed by umbra, very quick, very resistant to
hostile enchantments, uncannily stealthy
A: unfitting armour, see invisible, herbivore 3, speed 3, slow metabolism 2
a: Shadow Step, Shadow Form, Renounce Religion


You were in a wizard's laboratory.
You worshipped Dithmenos.
Dithmenos was exalted by your worship.
You were completely stuffed.

You visited 5 branches of the dungeon, and saw 29 of its levels.
You also visited: Ice Cave and Wizlab.

You collected 2856 gold pieces.
You spent 576 gold pieces at shops.

Inventory:

Hand weapons
 s - a +0 blowgun (weapon)
 x - a +9 short sword of electrocution
Missiles
 g - 128 poisoned needles
 m - 5 needles of sleeping (quivered)
 E - 3 throwing nets
Armour
 n - a +2 robe of fire resistance (worn)
 v - a +2 hat of intelligence (worn)
 D - a +2 cloak (worn)
Jewellery
 a - an uncursed ring of sustain abilities
 c - an amulet of warding (around neck)
 L - a ring of protection from fire (right hand)
 O - a ring of stealth (left hand)
Magical devices
 B - a wand of disintegration (11)
 M - a wand of heal wounds (5)
 U - a wand of draining (3)
Scrolls
 b - a scroll of amnesia
 i - 4 scrolls of fear
 r - 5 scrolls of remove curse
 w - 12 scrolls of teleportation
 y - 4 scrolls of identify
 C - 4 scrolls of magic mapping
 K - 5 scrolls of fog
 R - 3 scrolls of recharging
 Y - a scroll of blinking
Potions
 e - 6 potions of heal wounds
 f - 2 potions of magic
 h - a potion of berserk rage
 k - 2 potions of flight
 l - a potion of resistance
 o - 3 potions of cancellation
 p - 2 potions of might
 q - 6 potions of curing
 t - 3 potions of agility
 G - 3 potions of brilliance
 P - a potion of haste
Miscellaneous
 J - a sack of spiders
Comestibles
 d - 11 bread rations


   Skills:
 - Level 9.3 Fighting
 * Level 10.1 Short Blades
 * Level 16.5 Dodging
 - Level 22.5 Stealth
 - Level 9.7 Spellcasting
 - Level 5.5 Hexes
 * Level 0.5 Air Magic
 - Level 8.0 Invocations
 - Level 10.6 Evocations


You had 14 spell levels left.
You knew the following spells:

 Your Spells              Type           Power        Failure   Level  Hunger
b - Ensorcelled Hibernat  Hex/Ice        ####..       2%          2    None
c - Confuse               Hex            #####...     1%          3    None
d - Sure Blade            Hex/Chrm       ####......   2%          2    None
e - Dazzling Spray        Conj/Hex       ####....     6%          3    None
f - Enslavement           Hex            #####...     8%          4    #......
g - Mephitic Cloud        Conj/Pois/Air  ##......     14%         3    None
r - Repel Missiles        Chrm/Air       ##....       10%         2    None


Dungeon Overview and Level Annotations

Branches:
Dungeon (14/15)            Temple (1/1) D:5            Lair (8/8) D:9
  Swamp (0/5) Lair:3       Spider (0/5) Lair:6        Slime (0/6) Lair:8
    Orc (4/4) D:9             Elf (2/3) Orc:4        Vaults (0/5) D:14

Altars:
Ashenzari
Cheibriados
Dithmenos
Elyvilon
Fedhas
Gozag
Kikubaaqudgha
Makhleb
Nemelex Xobeh
Okawaru
Qazlal
Ru
Sif Muna
Trog
Vehumet
Xom
Yredelemnul
Zin
The Shining One
Jiyva

Shops:
D:9 *   D:11 :   D:12 ?   Orc:2 *   Orc:4 *?:(

Annotations:
D:7 apport or rc, exclusion: ice statue
Lair:4 exclusion: ice statue


Innate Abilities, Weirdness & Mutations

You are tiny and cannot use many weapons and most armour.
You have supernaturally acute eyesight.
You are a herbivore.
You cover ground extremely quickly.
You need consume almost no food.


Message History

Aim: a thorn hunter (umbra)
You shoot a needle of sleeping.
The needle of sleeping hits the thorn hunter.
The thorn hunter resists.
The thorn hunter fires a volley of thorns at you.
The volley of thorns hits you!
* * * LOW HITPOINT WARNING * * *
You emit a cloud of dark smoke.
Read which item? (? for menu, Esc to quit)
Blink to where?
Press: ? - help, Dir - move target cursor You are very lightly contaminated with residual magic.
As you read the scroll of blinking, it crumbles to dust.
There is a rose-covered archway here.
Unknown command.
Read which item? (? for menu, Esc to quit)
Okay, then.
The thorn hunter fires a volley of thorns at you.
The volley of thorns hits you!
You die...

♣♣♣♣♣♣♣♣♣♣♣♣♣♣♣♣♣♣♣♣♣♣♣♣♣♣♣♣♣
♣♣♣.............@.............♣♣♣
....♣♣♣♣♣♣♣♣♣♣♣♣.♣♣♣♣♣♣♣♣♣♣♣♣....
♣♣.♣♣ ♣♣.......♣♣♣♣♣♣♣♣♣♣)♣♣
∩♣... ..8.∩.8............♣∩
♣♣.♣♣♣ ♣♣.......♣♣♣♣♣♣♣♣♣♣.♣♣
....♣♣♣♣♣♣♣♣♣♣♣♣.♣♣♣♣♣♣♣♣♣♣♣♣....
♣♣♣..............f((.f..§§§PP.♣♣♣
♣♣♣♣♣♣♣♣♣♣♣♣♣.♣♣♣♣♣♣♣♣♣♣♣♣♣♣ ♣♣
♣#...#♣ ♣♣♣


You could see a thorn hunter.

Vanquished Creatures
  A frost giant (IceCv)
  Gastronok (D:8)
  5 vault guards (D:14)
  8 hydras
  Erica (Orc:2)
  A catoblepas (Lair:8)
  2 centaur warriors (D:13)
  8 death yaks
  5 orc high priests (Orc:4)
  A deep troll shaman (Lair:8)
  Urug (D:11)
  Nergalle (D:10)
  A deep elf knight (Orc:4)
  The ghost of UristMcMason the Chopper, an experienced FoFi (D:6)
  Erolcha (D:8)
  6 hill giants
  An ice statue (IceCv)
  4 orc sorcerers
  6 orc knights
  A deep elf conjurer (Elf:2)
  An oklob plant (Lair:1)
  3 cyclopes
  An ugly thing (D:11)
  A wolf spider zombie (D:10)
  The ghost of ThermosAquaticus the Summoner, an experienced VSSu of Sif Muna (D:9)
  A faun (WizLab)
  14 elephants
  2 black mambas (Lair:4)
  Maurice (D:8)
  13 spiny frogs
  A torpor snail (Lair:5)
  3 gargoyles
  A kobold demonologist (D:11)
  A yaktaur (D:14)
  3 fire drakes
  A tengu conjurer (D:14)
  11 komodo dragons
  A deep elf priest (Elf:2)
  A two-headed ogre (D:12)
  8 blink frogs
  Sonja (D:12)
  21 polar bears
  A giant leech (Lair:3)
  4 trolls
  A raven (shapeshifter) (Elf:2)
  A boulder beetle (Lair:6)
  A freezing wraith (Lair:4)
  3 basilisks
  A trapdoor spider zombie (D:13)
  5 deep elf magi
  35 yaks
  A wraith (D:11)
  Eustachio (D:7)
  Grum (D:8)
  A wyvern (D:13)
  2 hungry ghosts
  5 hippogriffs
  30 wolves
  9 porcupines
  Menkaure (D:7)
  4 wargs
  34 orc warriors
  A phantom (D:6)
  13 water moccasins
  2 black bears
  An eye of draining (D:14)
  A trapdoor spider simulacrum (D:11)
  3 wasps
  20 ice beasts
  A necrophage (D:7)
  12 ogres
  18 centaurs
  18 crocodiles
  Sigmund (D:2)
  5 big kobolds
  23 giant frogs
  2 wyvern skeletons
  3 scorpions
  13 wights
  2 electric eels (D:11)
  2 jellies (D:9)
  3 killer bees (D:12)
  7 crimson imps
  2 centaur zombies
  7 goliath beetles
  28 orc priests
  A giant frog zombie (D:7)
  2 quasits
  2 wyvern simulacra
  A centaur skeleton (D:6)
  7 hell rats (Lair:7)
  9 hounds
  25 orc wizards
  3 giant frog skeletons
  9 iguanas
  8 worker ants
  A water moccasin simulacrum (D:11)
  29 sheep
  A killer bee zombie (D:5)
  A centaur simulacrum (D:11)
  A hound skeleton (D:11)
  Robin (D:2)
  24 adders
  A worker ant zombie (D:9)
  12 gnolls
  57 river rats
  4 shadow imps
  4 worms
  A giant mite (D:4)
  2 worker ant simulacra (D:11)
  3 ufetubi (D:11)
  A white imp (D:11)
  An adder zombie (D:8)
  An adder skeleton (D:4)
  6 giant geckos
  167 orcs
  12 bats
  A bat zombie (D:8)
  7 giant cockroaches
  15 hobgoblins
  18 jackals
  30 kobolds
  12 quokkas
  4 giant newts
  3 giant spores
  24 goblins
  A jackal skeleton (D:9)
  A quokka skeleton (D:9)
  A quokka zombie (D:6)
  21 rats
  6 ballistomycetes
  A plant (Lair:1)
1018 creatures vanquished.

Vanquished Creatures (collateral kills)
  A hill giant (D:10)
  A yak (D:9)
2 creatures vanquished.

Vanquished Creatures (others)
  A yak (D:9)
  A centaur (D:9)
  A killer bee (D:10)
  An orc wizard (Orc:4)
  An orc (D:10)
  A rat (D:10)
  A ballistomycete (D:11)
  A plant (Lair:6)
8 creatures vanquished.

Grand Total: 1028 creatures vanquished

Notes
Turn   | Place    | Note
--------------------------------------------------------------
     0 | D:1      | BluebellGnoll, the Spriggan Enchanter, began the quest for the Orb.
     0 | D:1      | Reached XP level 1. HP: 9/9 MP: 4/4
    72 | D:1      | Reached skill level 5 in Stealth
    90 | D:1      | Reached XP level 2. HP: 8/13 MP: 5/7
   104 | D:1      | Learned a level 2 spell: Ensorcelled Hibernation
   567 | D:1      | Reached skill level 6 in Stealth
   901 | D:2      | Reached XP level 3. HP: 16/16 MP: 9/9
   916 | D:2      | Learned a level 3 spell: Confuse
   944 | D:2      | Noticed Sigmund
  1183 | D:2      | Killed Sigmund
  1183 | D:2      | Reached skill level 7 in Stealth
  1183 | D:2      | Reached XP level 4. HP: 14/21 MP: 4/12
  1244 | D:2      | Learned a level 2 spell: Sure Blade
  1318 | D:2      | Reached XP level 5. HP: 24/24 MP: 11/14
  1453 | D:2      | Noticed Robin
  1489 | D:2      | Killed Robin
  1495 | D:2      | Reached skill level 5 in Dodging
  1619 | D:2      | Found a snail-covered altar of Cheibriados.
  1619 | D:2      | Found an ancient bone altar of Kikubaaqudgha.
  2795 | D:4      | Reached XP level 6. HP: 25/28 MP: 18/18
  3111 | D:4      | Learned a level 3 spell: Dazzling Spray
  3411 | D:5      | Entered Level 5 of the Dungeon
  3687 | D:5      | Found a staircase to the Ecumenical Temple.
  3696 | Temple   | Entered the Ecumenical Temple
  3728 | Temple   | Became a worshipper of Dithmenos the Shadowed
  3763 | D:5      | Reached skill level 5 in Hexes
  3878 | D:5      | Reached skill level 5 in Spellcasting
  3963 | D:5      | Reached XP level 7. HP: 32/32 MP: 22/22
  3969 | D:5      | Learned a level 4 spell: Enslavement
  4057 | D:5      | Found a sacrificial altar of Ru.
  4121 | D:5      | Reached skill level 8 in Stealth
  4537 | D:6      | Noticed UristMcMason's ghost (experienced FoFi)
  4564 | D:6      | Killed UristMcMason's ghost
  4564 | D:6      | Reached skill level 10 in Stealth
  4564 | D:6      | Reached XP level 8. HP: 34/36 MP: 7/27
  4826 | D:6      | Found a glowing silver altar of Zin.
  4885 | D:7      | Noticed Eustachio
  5134 | D:7      | Noticed Menkaure
  5138 | D:7      | Killed Menkaure
  5138 | D:7      | Reached XP level 9. HP: 39/39 MP: 12/29
  5560 | D:7      | Noticed an ice statue
  5775 | D:7      | Acquired Dithmenos' first power
  5843 | D:7      | Killed Eustachio
  5843 | D:7      | Reached skill level 5 in Short Blades
  6402 | D:8      | Reached skill level 10 in Dodging
  6693 | D:8      | Noticed Grum
  6709 | D:8      | Reached skill level 11 in Dodging
  6734 | D:8      | Killed Grum
  6811 | D:8      | Noticed Erolcha
  6915 | D:8      | Acquired Dithmenos' second power
  6943 | D:8      | Reached XP level 10. HP: 41/44 MP: 10/30
  7089 | D:8      | Noticed Gastronok
  7719 | D:8      | Killed Gastronok
  7719 | D:8      | Reached skill level 13 in Stealth
  8021 | D:8      | Killed Erolcha
  8021 | D:8      | Reached skill level 14 in Stealth
  8231 | D:8      | Noticed Maurice
  8237 | D:8      | Killed Maurice
  8237 | D:8      | Reached skill level 1 in Fighting
  8490 | D:9      | Found an opulent altar of Gozag.
  8767 | D:9      | Found a staircase to the Orcish Mines.
  8825 | D:9      | Noticed ThermosAquaticus' ghost (experienced VSSu)
  9010 | D:9      | Killed ThermosAquaticus' ghost
  9065 | D:9      | Found Yfreapt's General Store.
  9163 | D:9      | Found a staircase to the Lair.
  9163 | D:9      | Noticed an elephant
  9208 | D:9      | Killed an elephant
  9208 | D:9      | Reached skill level 5 in Fighting
  9498 | D:9      | Reached XP level 11. HP: 56/56 MP: 23/31
  9605 | D:9      | Acquired Dithmenos' third power
  9776 | D:10     | Entered Level 10 of the Dungeon
  9841 | D:10     | Noticed Nergalle
  9854 | D:10     | Killed Nergalle
  9874 | D:10     | Noticed a hill giant
  9886 | D:10     | Killed a hill giant
  9919 | D:10     | Noticed a hill giant
  9935 | D:10     | Killed a hill giant
 10117 | D:10     | Noticed a hill giant
 10122 | D:10     | Killed a hill giant
 10390 | D:11     | Found a frozen archway.
 10574 | IceCv    | Entered an ice cave
 10863 | IceCv    | Reached skill level 15 in Stealth
 10920 | IceCv    | Noticed an ice statue
 11061 | IceCv    | Reached skill level 1 in Evocations
 11086 | IceCv    | Reached XP level 12. HP: 64/64 MP: 25/32
 11099 | IceCv    | Acquired Dithmenos' fourth power
 11101 | IceCv    | Reached skill level 5 in Evocations
 11156 | IceCv    | Noticed a frost giant
 11343 | IceCv    | Killed a frost giant
 11546 | IceCv    | Killed an ice statue
 12192 | D:11     | Found Mnetwile's Book Shoppe.
 12203 | D:11     | Noticed Urug
 12459 | D:11     | Reached skill level 16 in Stealth
 12542 | D:11     | Noticed a hill giant
 12552 | D:11     | Killed Urug
 12588 | D:11     | Killed a hill giant
 12944 | Lair:1   | Entered Level 1 of the Lair of Beasts
 13153 | Lair:1   | Reached skill level 17 in Stealth
 13169 | Lair:1   | Reached skill level 10 in Evocations
 13883 | Lair:1   | Reached XP level 13. HP: 68/68 MP: 33/33
 13885 | Lair:1   | Got a warped robe
 13909 | Lair:1   | Identified the cursed -5 robe of Misfortune {-Cast Contam *Tele EV-4 Str-2 Int-2 Dex-2 Stlth-- Curse} (You found it on level 1 of the Lair of Beasts)
 13922 | Lair:1   | Identified a scroll of acquirement
 14650 | Lair:2   | Reached skill level 15 in Dodging
 15984 | Lair:3   | Found a staircase to the Swamp.
 16525 | Lair:4   | Learned a level 3 spell: Mephitic Cloud
 18245 | Lair:5   | Reached skill level 18 in Stealth
 19117 | Lair:6   | Found a hole to the Spider Nest.
 19328 | Lair:6   | Found a deep blue altar of Sif Muna.
 19541 | Lair:6   | Reached skill level 19 in Stealth
 19718 | Lair:6   | Reached XP level 14. HP: 60/72 MP: 9/34
 21054 | Lair:7   | Reached skill level 20 in Stealth
 22371 | Lair:8   | Entered Level 8 of the Lair of Beasts
 22419 | Lair:8   | Found a viscous altar of Jiyva.
 22420 | Lair:8   | Found a staircase to the Slime Pits.
 22524 | Lair:8   | Reached skill level 21 in Stealth
 23156 | Lair:8   | Reached skill level 22 in Stealth
 23564 | Lair:8   | Identified the Disquisition on Augmentations and Venom (You found it on level 8 of the Lair of Beasts)
 23936 | Orc:1    | Entered Level 1 of the Orcish Mines
 23976 | Orc:1    | Found an iron altar of Okawaru.
 24140 | Orc:1    | Reached skill level 1 in Invocations
 24627 | Orc:2    | Found Qyboethy's Assorted Antiques.
 24704 | Orc:2    | Noticed Erica
 24735 | Orc:2    | Killed Erica
 24805 | Orc:2    | Bought a twisted bronze ring for 115 gold pieces
 24805 | Orc:2    | Bought a scroll of teleportation for 69 gold pieces
 26037 | Orc:4    | Entered Level 4 of the Orcish Mines
 26059 | Orc:4    | Found a staircase to the Elven Halls.
 26554 | Orc:4    | Reached skill level 5 in Invocations
 27250 | Orc:4    | Reached XP level 15. HP: 66/77 MP: 24/35
 27781 | Orc:4    | Found Ghootwom's Magic Scroll Emporium.
 27781 | Orc:4    | Found Kelul's General Store.
 27781 | Orc:4    | Found Tubitt's Antique Weapon Shoppe.
 27781 | Orc:4    | Found Vacsuceze's Book Shoppe.
 27792 | Orc:4    | Bought a scroll of fog for 26 gold pieces
 27792 | Orc:4    | Bought a scroll of fog for 26 gold pieces
 27792 | Orc:4    | Bought a scroll of identify for 26 gold pieces
 27792 | Orc:4    | Bought a scroll of magic mapping for 45 gold pieces
 27794 | Orc:4    | Bought a scroll of identify for 22 gold pieces
 28968 | D:12     | Noticed Sonja
 28970 | D:12     | Killed Sonja
 29281 | D:12     | Found Fehiet's Magic Scroll Shoppe.
 29321 | D:12     | Bought a scroll of identify for 30 gold pieces
 29321 | D:12     | Bought a scroll of identify for 30 gold pieces
 29321 | D:12     | Bought a scroll of identify for 30 gold pieces
 29321 | D:12     | Bought a scroll of identify for 30 gold pieces
 29321 | D:12     | Bought a scroll of teleportation for 45 gold pieces
 29321 | D:12     | Bought a scroll of fear for 52 gold pieces
 29321 | D:12     | Bought a scroll of fog for 30 gold pieces
 30237 | Lair:2   | Learned a level 2 spell: Repel Missiles
 31352 | D:14     | Found a gate to the Vaults.
 31356 | D:14     | Reached skill level 10 in Short Blades
 31778 | Elf:1    | Entered Level 1 of the Elven Halls
 31801 | Elf:1    | You fall through a shaft!
 31942 | Elf:1    | Found a magical portal.
 31951 | WizLab   | Entered Eringya's Formal Garden
 32015 | WizLab   | Noticed a thorn hunter
 32063 | WizLab   | Killed from afar by a thorn hunter

Action                   |  1- 3 |  4- 6 |  7- 9 | 10-12 | 13-15 || total
-------------------------+-------+-------+-------+-------+-------++-------
Melee: Dagger            |   104 |   167 |   227 |   425 |   807 ||  1730
       Short sword       |       |       |     6 |    82 |   369 ||   457
 Fire: Blowgun           |       |       |       |    59 |    51 ||   110
Throw: Stone             |       |     1 |       |     4 |     3 ||     8
 Cast: Corona            |    15 |    14 |     1 |       |       ||    30
       Ensorcelled Hiber |     5 |    20 |    37 |    70 |   172 ||   304
       Confuse           |     2 |     6 |    57 |   110 |   161 ||   336
       Dazzling Spray    |       |     1 |    10 |    44 |    96 ||   151
       Sure Blade        |       |       |     3 |     9 |     2 ||    14
       Enslavement       |       |       |       |    10 |       ||    10
       Mephitic Cloud    |       |       |       |       |     1 ||     1
       Repel Missiles    |       |       |       |       |     1 ||     1
Invok: Shadow Step       |       |       |       |       |     6 ||     6
Evoke: Wand              |       |       |       |     6 |       ||     6
  Use: Scroll            |       |     6 |    12 |    10 |    27 ||    55
       Potion            |       |       |       |     7 |       ||     7
 Stab: Sleeping          |     9 |    33 |    45 |    92 |   336 ||   515
       Confused          |     2 |     1 |    31 |    60 |    77 ||   171
       Invisible         |       |     1 |     1 |     8 |    34 ||    44
       Distracted        |       |       |       |     3 |    10 ||    13
       Fleeing           |       |       |       |     3 |       ||     3
  Eat: Bread ration      |       |     1 |       |     1 |       ||     2
       Fruit             |       |     1 |       |     3 |    16 ||    20
       Pizza             |       |       |       |       |     4 ||     4
